Nobbs, lawful female human Valkyrie ----- |<..--- .-.-... ---- ---- |.....---|.. |...@.| |.. .. --..|....|.- |.._... ..---+--.- --.|-.....--- ......| ..|...--.| |.........|--- ----- -..|... ....-+-..--- ---.|....|..----...-- ..** ..+.. ............--+- -----..|....|.....---- |@. ....... ................| |..|.............---Gf- .......-|..--------|--..-- --......---............I..-# .....{......-|)...!=...|..-- |...... |...|....)...I...--|.. ............##|(.)....%[|...| ----.... --.--...--I.I.......|............. -----------...| . |..|-...|..-...............|.....------ ........- |. |...--.....|..d.........(..-.....|..((| |.------- -.---|-..--(.-|.......... .....|-...-((..| ..| ..(..%[....(...|...@.d. -.).|...-|.(..| |.| -+--.---------......... ..... ------ |.--|-- |.|..((| --.......- .|....|----.---.....| |.-.(.(| ---....-- |...-.......|...{..+ --|.(((| -.....----........| ------ ----- ---------- Nobbs the Fighter Experience level: 6 Strength: 18 Dexterity: 16 Constitution: 18 Intelligence: 9 Wisdom: 7 Charisma: 8 Health: 0(63) Energy: 14(14) Def: 5 Gold: 252 Moves: 3812 Dungeon seed: xXVa0gfJF_1FGtsv Game ID: Nobbs_1509608721 Your Inventory: Coins $ - 252 gold pieces Wands i - a wand of lightning (0:2) u - a wand of light (0:14) I - a wand of lightning (0:5) M - a blessed wand of striking (0:3) Weapons b - a +0 dagger J - a blessed +0 crossbow K - 2 +0 crossbow bolts L - 4 +0 daggers Armor e - a blessed +3 small shield (being worn) n - an uncursed +0 orcish helm (being worn) z - an uncursed +0 pair of elven boots Comestibles c - an uncursed food ration G - an uncursed lichen corpse H - an uncursed candy bar U - an uncursed slime mold Scrolls g - an uncursed scroll of earth m - an uncursed scroll of identify q - an uncursed scroll of remove curse s - 4 uncursed scrolls of identify t - an uncursed scroll of light v - a cursed scroll of teleportation y - an uncursed scroll of enchant weapon P - 2 uncursed scrolls of blank paper Q - a cursed scroll of blank paper Spellbooks w - an uncursed spellbook of magic missile Potions f - 2 uncursed potions of water h - an uncursed potion of invisibility k - a cursed potion of healing l - a cursed potion of levitation o - an uncursed potion of paralysis B - an uncursed potion of levitation D - an uncursed potion of sleeping Rings r - an uncursed ring of slow digestion x - an uncursed ring of cold resistance A - an uncursed +1 ring of protection E - an uncursed ring of teleport control Tools d - an uncursed oil lamp (0:0) R - an uncursed skeleton key S - a bag of tricks (0:20) Spells and supernatural/magical abilities: Name Level Category Fail Memory W - pray for help -- divine ? -- Your skills at the end: Fighting Skills Weapon Skills dagger [Basic] long sword [Basic] Spellcasting Skills Final Attributes: You were piously aligned. You were cold resistant. You were stealthy. You are dead. Vanquished creatures: a large cat 4 wolves 2 gnome kings a brown pudding a werewolf a plains centaur a human zombie a Woodland-elf a soldier ant a shrieker 7 gnome lords a gnomish wizard a kobold mummy a gray ooze a paper golem a dwarf a kobold shaman 2 giant bats an iguana 6 coyotes a hobbit 2 giant rats 24 gnomes 3 garter snakes a gnome zombie 7 jackals 3 goblins 3 sewer rats 3 grid bugs 2 bats 2 lichens 2 kobold zombies 4 newts 93 creatures vanquished. Voluntary challenges: You had been an atheist until turn 2632. You used a wielded weapon 115 times, starting on turn 1. You read items or engraved 7 times, starting on turn 47. You never genocided any monsters. You never polymorphed an object. You changed form 1 time, starting on turn 2582. You used no wishes. You never split a pudding. You wrote Elbereth's name 6 times, starting on turn 47. You never violated your personal moral code. Dungeon overview: The Dungeons of Doom: levels 1 to 5 Level 1 a fountain a long staircase Level 2 a scroll shop, some fountains Level 3 a fountain Level 4 stairs to The Gnomish Mines Level 5 The Gnomish Mines: levels 5 to 8 Level 5 stairs to The Dungeons of Doom Level 6 Level 7 Level 8 <- You were here some shops, a temple to Odin, some fountains History has recorded: On T:1 you entered the Dungeons of Doom to retrieve the Amulet of Yendor! On T:136 you reached level 2 of The Dungeons of Doom. On T:490 you reached level 3 of The Dungeons of Doom. On T:685 you advanced to experience level 2. On T:892 you reached level 4 of The Dungeons of Doom. On T:1418 you reached level 5 of The Dungeons of Doom. On T:1452 you reached level 1 of The Gnomish Mines. On T:1702 you advanced to experience level 3. On T:1732 you reached level 2 of The Gnomish Mines. On T:1837 you advanced to experience level 4. On T:2063 you advanced to experience level 5. On T:2136 you reached level 3 of The Gnomish Mines. On T:2467 you reached level 4 of The Gnomish Mines. On T:2867 you advanced to experience level 6. Score breakdown: Gold: 252 ( 8174 points) Experience: 6 levels (12456 points) Exploration: 8 levels ( 16.33%) (11456 points) Discoveries: 10 items ( 4.08%) ( 6060 points) Valuables value: (no points given unless you survive) Artifact value: 0 ( 0 points) Variety of kills: 33 monsters ( 8.66%) ( 8829 points) Turncount: 3812 turns ( -953 points) Survival: died (score multiplied by 80%) Total score: 36817 Latest messages: You feel much better. You sense a monster nearby! It hits! It misses. It bites! (2x) You can't see! (You can feel around with 'grope', typically on ^G.) It hits! (2x) It bites! It hits! (2x) It just misses! Wait! There's something there you can't see! It hits! (2x) It bites! (2x) You hear a mumbled curse. It hits! (2x) It bites! You feel a bit steadier now. You can see again. The air crackles around the gnomish wizard. You hear some noises. The jaguar hits! You die... Final status: Farvel Nobbs the Valkyrie, killed by a jaguar... You died in The Gnomish Mines on dungeon level 8 with 36817 points, and 252 pieces of gold, after 3812 moves. You were level 6 with a maximum of 63 hit points when you died.